 Dungeon Crawl Stone Soup version 0.21-a0-426-g98080a9 (webtiles) character file.

628 KristoblXynda the Slasher (level 7, -3/55 HPs)
             Began as a Yellow Draconian Gladiator on Nov 7, 2017.
             Slain by a gnoll
             ... wielding a +0 spear
              (6 damage)
             ... on level 5 of the Dungeon.
             The game lasted 00:07:18 (4799 turns).

KristoblXynda the Slasher (DrGl)                    Turns: 4799, Time: 00:07:19

Health: -3/55      AC:  9    Str: 20    XL:     7   Next: 23%
Magic:  7/7        EV: 14    Int: 11    God:
Gold:   301        SH:  0    Dex: 12    Spells: 6/6 levels left

rFire    . . .     SeeInvis .   a - +0 long sword
rCold    . . .     Gourm    .   (no shield)
rNeg     . . .     Faith    .   (armour unavailable)
rPois    .         Spirit   .   b - +1 hat
rElec    .         Reflect  .   s - +0 cloak
rCorr    +         Harm     .   p - +0 pair of gloves
MR       .....                  (no boots)
Stlth    ++........             (no amulet)
HPRegen  0.18/turn              e - +4 ring of strength
MPRegen  0.10/turn              (no ring)

@: short of breath
A: spit acid, acid resistance, unfitting armour, cold-blooded, AC +6
a: Breathe Acid


You were on level 5 of the Dungeon.
You were hungry.

You visited 1 branch of the dungeon, and saw 5 of its levels.
You also visited: Sewer.

You collected 301 gold pieces.

Inventory:

Hand Weapons
 a - a +0 long sword (weapon)
Missiles
 c - 2 throwing nets (quivered)
Armour
 b - a +1 hat (worn)
 p - a +0 pair of gloves (worn)
 s - a +0 cloak (worn)
Jewellery
 e - a +4 ring of strength (left hand)
Scrolls
 j - 2 scrolls of remove curse
 q - a scroll of immolation
Potions
 g - a potion of magic
 h - a potion of heal wounds
 k - 2 potions of curing
 l - a potion of brilliance {unknown}
 m - 2 potions of flight {unknown}
 r - a potion of haste {unknown}
Comestibles
 d - 5 bread rations
 f - 2 royal jellies
 i - a meat ration
 n - 3 fruits
 o - a chunk of flesh


   Skills:
 - Level 2.1 Fighting
 + Level 5.4 Long Blades
 - Level 2.0 Throwing
 + Level 4.9 Dodging
 + Level 4.1 Stealth


You had 6 spell levels left.
You didn't know any spells.

Dungeon Overview and Level Annotations

Branches:
Dungeon (5/15)
 Temple: D:4-7

Altars:
Dithmenos
Gozag
Sif Muna
Vehumet


Innate Abilities, Weirdness & Mutations

You can spit globs of acid.
You are resistant to acid.
Your golden yellow scales are hard. (AC +6)
You cannot fit into any form of body armour.
You are cold-blooded and may be slowed by cold attacks.


Message History

The gnoll hits you from afar with a spear.
* * * LOW HITPOINT WARNING * * *
The gnoll misses you. The gnoll hits you but does no damage.
The gnoll misses you.
You are no longer glowing.
You have got your breath back.
The gnoll hits you from afar with a spear.
* * * LOW HITPOINT WARNING * * *
Press: ? - help, Shift-Dir - straight line, f/p - gnoll
Aim: a gnoll, wielding a spear You spit a glob of acid.
The glob of acid hits the gnoll.
The gnoll is splashed with acid.
The acid corrodes the gnoll!
You kill the gnoll!
You are feeling hungry.
Unknown command.
The gnoll hits you with a spear.
* * * LOW HITPOINT WARNING * * *
You closely miss the gnoll. The gnoll hits you with a spear.
You die...

#......# #......# #......#
#......# ########## ##...###
##........########...#
.'........+.....##...# #########
##........#####.##...####........
['..............@g.)..).)........
##........######.########........
#........# #.....## #........
########## #..#...# #........
#..#≈≈≈# #........ #..#≈≈≈#
##+##.[.# #.)#≈≈≈# ...# ...#≈≈≈#
...# ....#≈.≈#


You could see a gnoll.

Vanquished Creatures
  2 ogres
  A big kobold (Sewer)
  A bullfrog (D:4)
  A hound (D:5)
  A gnoll shaman (D:5)
  An iguana (D:4)
  2 worker ants (D:4)
  3 gnolls (D:5)
  6 adders
  2 river rats (Sewer)
  2 worms
  A dart slug (D:1)
  8 leopard geckos
  6 orcs
  6 giant cockroaches
  9 goblins
  11 hobgoblins
  2 jackals (Sewer)
  A quokka (D:2)
  3 bats
  6 frilled lizards
  6 kobolds
  12 rats
93 creatures vanquished.

Notes
Turn   | Place    | Note
-------+----------+-------------------------------------------
     0 | D:1      | KristoblXynda the Draconian Gladiator began the quest for the Orb.
     0 | D:1      | Reached XP level 1. HP: 17/17 MP: 1/1
   129 | D:1      | Reached XP level 2. HP: 24/24 MP: 2/2
   377 | D:1      | Reached skill level 1 in Stealth
   528 | D:2      | Reached XP level 3. HP: 29/29 MP: 3/3
   616 | D:2      | Found a shadowy altar of Dithmenos.
  1280 | D:3      | Noticed a scorpion
  1650 | D:3      | Reached XP level 4. HP: 36/36 MP: 4/4
  1926 | D:3      | Found a radiant altar of Vehumet.
  2503 | D:4      | Noticed a bullfrog
  2510 | D:4      | Killed a bullfrog
  2510 | D:4      | Reached skill level 4 in Long Blades
  2510 | D:4      | Reached XP level 5. HP: 32/41 MP: 5/5
  3183 | D:4      | Reached XP level 6. HP: 18/48 MP: 6/6
  3496 | D:4      | Found a deep blue altar of Sif Muna.
  3583 | D:4      | Found an opulent altar of Gozag.
  3815 | D:5      | Entered Level 5 of the Dungeon
  3959 | D:5      | Reached skill level 5 in Long Blades
  4004 | D:5      | Found a glowing drain.
  4014 | Sewer    | Entered a sewer
  4397 | Sewer    | Your scales start taking on a golden yellow colour.
  4397 | Sewer    | Reached XP level 7. HP: 30/55 MP: 7/7
  4460 | Sewer    | Found a white marble altar of Elyvilon.
  4799 | D:5      | Slain by a gnoll

Vault maps used:
D:1:      dpeg_arrival_long_road, minmay_tall_x
D:2:      lemuel_crystal_altar, first_bread, minmay_bisected
D:3:      fiery_altar_vehumet
D:4:      nicolae_overflow_hidden_temple,
          nicolae_gozag_cash_rules_everything_around_me
D:5:      portal_sewer_entry_f
Sewer:    sewer_kobolds

Skill      XL: |  1  2  3  4  5  6  7 |
---------------+----------------------+-----
Throwing       | 2 |  2.0
Dodging        | 3 4 |  4.9
Stealth        | 1 2 3 4 |  4.1
Long Blades    | 4 5 |  5.4
Fighting       | |  2.1

Action                   |  1- 3 |  4- 6 |  7- 9 || total
-------------------------+-------+-------+-------++-------
Melee: Long sword        |   111 |   153 |    26 ||   290
       Tailslap          |    10 |    25 |     4 ||    39
Throw: Throwing net      |       |     2 |       ||     2
 Abil: Breathe Acid      |       |       |     3 ||     3
  Use: Scroll            |     3 |     8 |       ||    11
       Potion            |       |     1 |       ||     1
 Stab: Sleeping          |     1 |     2 |     1 ||     4
  Eat: Royal jelly       |     1 |       |       ||     1
       Chunk             |       |     8 |     2 ||    10
       Fruit             |       |     1 |       ||     1
Armor: Skin              |    41 |    50 |    15 ||   106
Dodge: Dodged            |   103 |   125 |    33 ||   261
       Rpst.: Long sword |    37 |    48 |     5 ||    90

Table legend:
 A = Spawn XP
 B = Non-spawn XP
 C = Spawn XP percentage of total XP
 D = Spawn monster count
 E = Non-spawn monster count
 F = Spawn count percentage of total count
 G = Total turns spent on level
                    A         B        C        D         E        F      G
               +---------+---------+-------+---------+---------+-------+---------
         Total |       0 |     898 |   0.0 |       0 |      93 |   0.0 |  4799
               +---------+---------+-------+---------+---------+-------+---------
           D:1 |       0 |      40 |   0.0 |       0 |      22 |   0.0 |   502
           D:2 |       0 |      45 |   0.0 |       0 |      17 |   0.0 |  1019
           D:3 |       0 |      26 |   0.0 |       0 |      13 |   0.0 |   758
           D:4 |       0 |     387 |   0.0 |       0 |      18 |   0.0 |  1536
           D:5 |       0 |     264 |   0.0 |       0 |      12 |   0.0 |   430
         Sewer |       0 |     136 |   0.0 |       0 |      11 |   0.0 |   554
               +---------+---------+-------+---------+---------+-------+---------
